 Dungeon Crawl Stone Soup version 0.19.1-1-g22dce08 (webtiles) character file.

145980 Jerry the Spry (level 17, -16/122 HPs)
             Began as a Merfolk Gladiator on Jan 2, 2017.
             Was the Champion of Dithmenos.
             Demolished by a spark wasp (28 damage)
             ... on level 4 of the Spider Nest.
             The game lasted 02:18:33 (29736 turns).

Jerry the Spry (Merfolk Gladiator)                 Turns: 29736, Time: 02:18:33

Health: -16/122    AC: 23    Str: 15      XL:     17   Next: 43%
Magic:  22/26      EV: 32    Int:  7 (9)  God:    Dithmenos [******]
Gold:   628        SH:  0    Dex: 17      Spells: 4 memorised, 8 levels left

rFire  . . .     SeeInvis .     E - +7 scimitar (venom)
rCold  + + .     Gourm    +     b - +2 leather armour of Polytheism {MR++ Regen+}
rNeg   . . .     Faith    .     (no shield)
rPois  +         Spirit   .     c - +1 helmet
rElec  +         Reflect  .     Z - +1 cloak {MR+}
rCorr  .         Harm     .     y - +2 pair of gloves
MR     ++++.                    a - +1 pair of boots
Stlth  ++........               H - amulet of the gourmand
                                h - ring of Limitation {rElec rC++ EV+5 Dex-3}
                                T - +2 ring of protection

@: very slightly contaminated, wreathed by umbra, studying Long Blades
A: change form in water, swift swim, stealthy swim, iridescent scales 1, thin
metallic scales 1, poison resistance, evolution 1
a: Shadow Step, Shadow Form, Renounce Religion


You were on level 4 of the Spider Nest.
You worshipped Dithmenos.
Dithmenos was exalted by your worship.
You were full.

You visited 5 branches of the dungeon, and saw 28 of its levels.
You also visited: Labyrinth, Sewer and Ossuary.

You collected 2063 gold pieces.
You spent 1435 gold pieces at shops.

Inventory:

Hand Weapons
 n - the +9 short sword of Theory {elec, *Noise +Rage Int+2}
   (You took it off an orc on level 6 of the Dungeon)

   Occasionally, upon striking a foe, it will discharge some electrical energy
   and cause terrible harm.
   It affects your intelligence (+2).
   It lets you go berserk.
   It may make noises in combat.
 E - a +7 scimitar of venom (weapon)
Missiles
 d - 2 throwing nets (quivered)
Armour
 a - a +1 pair of boots (worn)
 b - the +2 leather armour of Polytheism (worn) {MR++ Regen+}
   (You found it on level 8 of the Dungeon)

   It affects your resistance to hostile enchantments.
   It increases your rate of regeneration.
 c - a +1 helmet (worn)
 m - +2 fire dragon scales
 y - a +2 pair of gloves (worn)
 Z - a +1 cloak of magic resistance (worn)
Jewellery
 h - the ring of Limitation (right hand) {rElec rC++ EV+5 Dex-3}
   (You took it off a minotaur in a labyrinth)

   [ring of evasion]

   It affects your evasion (+5).
   It affects your dexterity (-3).
   It greatly protects you from cold.
   It insulates you from electricity.
 H - an amulet of the gourmand (around neck)
 T - a +2 ring of protection (left hand)
 X - an uncursed amulet of guardian spirit
Wands
 v - a wand of iceblast (4/15)
 F - a wand of acid (10/15)
 N - a wand of lightning (9/15)
 Q - a wand of teleportation (1/9)
Scrolls
 e - a scroll of enchant armour
 i - 3 scrolls of blinking
 k - 3 scrolls of fog
 t - a scroll of enchant weapon
 u - 8 scrolls of identify
 w - 7 scrolls of amnesia
 A - a scroll of magic mapping
 C - 7 scrolls of remove curse
 P - 2 scrolls of teleportation
 R - 4 scrolls of recharging
Potions
 g - a potion of heal wounds
 l - 7 potions of brilliance
 o - 2 potions of resistance
 q - 2 potions of flight
 r - 9 potions of curing
 s - 2 potions of cure mutation
 B - 2 potions of invisibility
 D - 3 potions of haste
 G - 3 potions of lignification
 I - a potion of agility
 J - a potion of mutation
 S - 2 potions of ambrosia
 U - 2 potions of cancellation
 W - 2 potions of berserk rage
Books
 j - a manual of Long Blades
Comestibles
 f - 14 bread rations
 x - 21 fruits
 z - 10 meat rations
 L - 10 beef jerkies
 M - 2 slices of pizza
 O - 2 royal jellies


   Skills:
 - Level 7.9 Fighting
 + Level 18.4 Long Blades
 - Level 2.0 Throwing
 + Level 11.1 Armour
 + Level 19.6 Dodging
 - Level 8.0 Charms
 - Level 4.2 Necromancy
 + Level 12.1 Invocations


You had 8 spell levels left.
You knew the following spells:

 Your Spells              Type           Power        Failure   Level  Hunger
a - Animate Skeleton      Necr           N/A          12%         1    ##.....
b - Regeneration          Chrm/Necr      #.........   14%         3    ####...
c - Passwall              Tmut/Erth      #.........   80%         2    ###....
d - Swiftness             Chrm/Air       #.......     17%         2    ###....


Dungeon Overview and Level Annotations

Branches:
Dungeon (15/15)            Temple (1/1) D:7            Lair (6/6) D:10
  Swamp (0/4) Lair:2       Spider (4/4) Lair:2        Slime (0/5) Lair:6
    Orc (2/2) D:10         Vaults (0/5) D:14         Depths (0/5) D:15
    Elf: Orc:2

Altars:
Ashenzari
Cheibriados
Dithmenos
Elyvilon
Fedhas
Gozag
Hepliaklqana
Kikubaaqudgha
Makhleb
Nemelex Xobeh
Okawaru
Qazlal
Ru
Sif Muna
Trog
Uskayaw
Vehumet
Xom
Yredelemnul
Zin
The Shining One

Shops:
D:12 :   D:14 (   D:15 (:(*   Orc:2 [

Annotations:
Orc:2 Saint Roka


Innate Abilities, Weirdness & Mutations

You revert to your normal form in water.
You are very nimble and swift while swimming.
You are very stealthy in the water. (Stealth+)
You are partially covered in iridescent scales. (AC +2)
You are partially covered in thin metallic scales. (AC +2)
Your system is resistant to poisons. (rPois)
You evolve.


Message History

Your skin stops crawling.
The spark wasp stings you!
* * * LOW HITPOINT WARNING * * *
You emit a cloud of dark smoke.
The spark wasp shocks you. You resist.
* * * LOW HITPOINT WARNING * * *
You slash the spark wasp!
The spark wasp looks as sick as possible!
The spark wasp is heavily wounded.
Your shadow closely misses the spark wasp.
The spark wasp misses you.
You closely miss the spark wasp.
The spark wasp is heavily wounded.
Your shadow hits the spark wasp but does no damage.
The spark wasp completely misses you.
You riposte.
You closely miss the spark wasp.
The spark wasp is severely wounded.
You hit the spark wasp but do no damage.
The spark wasp is severely wounded.
The spark wasp stings you!!
You die...

###......^...#.....#...^#....^...
#############........###.####..
###....#..#### #... ##########
#...#^.## ##...
....^^..^######.....## #^...
s........^^≈^.§§.#..# ##..#
............[.^§§§##### ####
..............§§§§§#
..............§y@§§#
.....y≈.≈≈....§§§§§#
≈.^s###########§§§§#
##^...§§^..≈...†^.##
^^...§§§.......^..#
^...§§§§..........#
....§§§.......^...#
.......^≈≈..^.....#
^....≈^.#######≈..#


You could see a spark wasp.

Vanquished Creatures
  Frances (D:14)
  Kirke (D:14)
  4 emperor scorpions
  3 ghost moths
  2 stone giants
  4 entropy weavers
  A spark wasp (Spider:4)
  An ettin (D:15)
  A minotaur (Lab)
  Snorg (D:14)
  Josephine (D:11)
  Harold (Lair:3)
  2 ogre magi
  The ghost of cuckmaster the Shatterer, a journeyman OgBe of Trog (D:13)
  4 vault guards (D:14)
  5 hydras
  A catoblepas (Lair:6)
  An anaconda (Lair:4)
  2 centaur warriors
  A queen ant (Lair:5)
  A tengu warrior (D:15)
  8 death yaks (Lair:6)
  Sonja (Lair:3)
  The ghost of ImaNewbie the Destroyer, a novice DEFE of Vehumet (D:9)
  A fire crab (Lair:6)
  An unseen horror (D:10)
  Pikel (D:7)
  A deep elf archer (D:14)
  8 hill giants
  16 orb spiders
  An orc knight (D:14)
  2 deep elf magi
  6 ugly things
  2 cyclopes
  37 wolf spiders
  3 orc sorcerers
  A salamander (shapeshifter) (D:14)
  2 moths of wrath
  12 elephants
  3 manticores
  12 black mambas
  2 gargoyles (D:12)
  Joseph (D:8)
  4 centaur skeletons
  A guardian serpent (shapeshifter) (D:15)
  14 spiny frogs
  5 rime drakes
  6 komodo dragons
  10 demonic crawlers
  The ghost of cuckmaster the Firebug, a novice OpFE of Ashenzari (D:4)
  3 yaktaurs
  2 freezing wraiths
  A tengu conjurer (D:14)
  8 trolls
  35 jumping spiders
  3 meliai (D:15)
  A polar bear (D:9)
  2 two-headed ogres (D:11)
  5 blink frogs
  6 hornets
  Prince Ribbit (D:7)
  A slime creature (Lair:6)
  9 hippogriffs
  82 redbacks
  30 tarantellas
  4 wraiths
  6 wyverns
  21 yaks
  2 basilisks
  3 hogs (D:14)
  2 hungry ghosts
  Grum (D:8)
  3 vampire mosquitoes (D:12)
  3 mottled dragons (D:15)
  4 insubstantial wisps
  4 soldier ants
  4 porcupines
  19 water moccasins
  4 sky beasts
  An ice beast (D:10)
  14 orc warriors
  2 black bears (D:11)
  4 phantoms
  7 centaurs
  25 wolves
  9 ogres
  14 crocodiles
  A big kobold (D:12)
  14 bullfrogs
  A wyvern zombie (D:12)
  5 water moccasin zombies
  2 wyvern skeletons
  6 scorpions
  25 killer bees
  4 howler monkeys
  3 wights (D:15)
  4 electric eels
  4 crimson imps
  A bullfrog zombie (D:10)
  A quasit (D:8)
  10 hounds
  2 bullfrog skeletons
  8 jellies
  17 orc priests
  24 orc wizards
  Natasha (thrice) (D:3)
  Crazy Yiuf (D:7)
  3 iguanas
  31 worker ants
  A bullfrog simulacrum (D:9)
  3 big kobold zombies (Ossuary)
  A hound skeleton (D:5)
  A hound zombie (D:7)
  2 mummies (Ossuary)
  Robin (D:3)
  4 gnolls (D:5)
  2 worker ant zombies
  18 adders
  2 river rats (D:3)
  3 shadow imps
  A white imp (D:9)
  5 adder zombies
  2 adder skeletons
  2 worms
  3 dart slugs
  10 leopard geckos
  84 orcs
  4 giant cockroaches
  2 gnoll zombies (Ossuary)
  13 goblins
  9 hobgoblins
  5 jackals (Sewer)
  8 quokkas
  5 ball pythons
  9 bats
  9 frilled lizards
  4 hobgoblin zombies (Ossuary)
  18 kobolds
  6 kobold zombies (Ossuary)
  A leopard gecko skeleton (D:6)
  8 orc zombies (Ossuary)
  A quokka zombie (D:8)
  6 rats
  4 plants (Sewer)
974 creatures vanquished.

Vanquished Creatures (others)
  A human (D:14)
  A bush (Lair:3)
  10 fungi
  9 plants
21 creatures vanquished.

Grand Total: 995 creatures vanquished

Notes
Turn   | Place    | Note
-------+----------+-------------------------------------------
     0 | D:1      | Jerry the Merfolk Gladiator began the quest for the Orb.
     0 | D:1      | Reached XP level 1. HP: 16/16 MP: 1/1
   184 | D:1      | Reached XP level 2. HP: 19/22 MP: 2/2
   766 | D:2      | Reached XP level 3. HP: 21/27 MP: 3/3
   810 | D:2      | Found a bloodstained altar of Trog.
  1049 | D:2      | Found a burning altar of Makhleb.
  1727 | D:2      | Found a stormy altar of Qazlal.
  2107 | D:2      | Reached skill level 1 in Armour
  2107 | D:2      | Reached XP level 4. HP: 32/33 MP: 4/4
  2412 | D:3      | Reached skill level 5 in Dodging
  2462 | D:3      | Noticed Natasha
  2469 | D:3      | Killed Natasha
  2491 | D:3      | Reached XP level 5. HP: 33/38 MP: 5/5
  2643 | D:3      | Found a glowing drain.
  2647 | Sewer    | Entered a sewer
  2916 | Sewer    | Reached skill level 5 in Long Blades
  3946 | D:3      | Noticed Natasha
  3953 | D:3      | Killed Natasha
  3953 | D:3      | Reached skill level 6 in Dodging
  3953 | D:3      | Reached XP level 6. HP: 36/44 MP: 6/6
  4263 | D:3      | Noticed Robin
  4277 | D:3      | Killed Robin
  4615 | D:3      | Noticed Natasha
  4625 | D:3      | Killed Natasha
  4885 | D:4      | Noticed cuckmaster's ghost (novice OpFE)
  4913 | D:4      | Reached XP level 7. HP: 48/50 MP: 7/7
  4923 | D:4      | Killed cuckmaster's ghost
  4923 | D:4      | Reached skill level 7 in Dodging
  5054 | D:4      | Found a sand-covered staircase.
  5191 | Ossuary  | Entered an ossuary
  5414 | Ossuary  | Reached XP level 8. HP: 41/56 MP: 8/8
  5593 | Ossuary  | Reached skill level 8 in Dodging
  6360 | D:5      | Entered Level 5 of the Dungeon
  6415 | D:5      | Reached skill level 9 in Dodging
  6582 | D:5      | Reached XP level 9. HP: 34/61 MP: 9/9
  7131 | D:6      | Got a polished short sword {elec}
  7132 | D:6      | Identified the +9 short sword of Theory {elec, *Noise +Rage Int+2} (You took it off an orc on level 6 of the Dungeon)
  7364 | D:6      | Found an iron altar of Okawaru.
  7400 | D:6      | Reached skill level 5 in Armour
  7499 | D:6      | Found a deep blue altar of Sif Muna.
  7832 | D:6      | Reached skill level 10 in Dodging
  8272 | D:6      | Identified Sif Muna's Incunabulum of Snow
  8305 | D:7      | Found a staircase to the Ecumenical Temple.
  8316 | Temple   | Entered the Ecumenical Temple
  8460 | Temple   | Became a worshipper of Dithmenos the Shadowed
  8484 | D:7      | Noticed Prince Ribbit
  8514 | D:7      | Killed Prince Ribbit
  8605 | D:7      | Noticed Pikel
  8615 | D:7      | Killed Pikel
  8615 | D:7      | Reached skill level 11 in Dodging
  8671 | D:7      | Reached XP level 10. HP: 63/67 MP: 10/10
  8797 | D:7      | Reached * piety under Dithmenos
  8798 | D:7      | Found a stormy altar of Qazlal.
  9234 | D:7      | Found a runed door.
  9239 | D:7      | Noticed Crazy Yiuf
  9241 | D:7      | Killed Crazy Yiuf
  9241 | D:7      | Reached skill level 10 in Long Blades
  9653 | D:8      | Got a polished leather armour
  9685 | D:8      | Identified the +2 leather armour of Polytheism {MR++ Regen+} (You found it on level 8 of the Dungeon)
  9793 | D:8      | Noticed Grum
  9805 | D:8      | Reached skill level 12 in Dodging
  9825 | D:8      | Reached ** piety under Dithmenos
  9831 | D:8      | Killed Grum
 10102 | D:9      | Noticed Joseph
 10102 | D:9      | Noticed a hill giant
 10102 | D:9      | Noticed ImaNewbie's ghost (novice DEFE)
 10113 | D:8      | Killed Joseph
 10207 | D:9      | Found a hide-covered altar of Uskayaw.
 10210 | D:9      | Noticed a dagger
 10210 | D:9      | Noticed an enchanted dagger
 10296 | D:9      | Killed ImaNewbie's ghost
 10296 | D:9      | Reached XP level 11. HP: 38/72 MP: 11/11
 10458 | D:9      | Killed a hill giant
 10458 | D:9      | Reached skill level 1 in Invocations
 10910 | D:10     | Entered Level 10 of the Dungeon
 10944 | D:10     | Reached skill level 13 in Dodging
 11034 | D:10     | Reached *** piety under Dithmenos
 11078 | D:10     | Noticed a hill giant
 11094 | D:10     | Killed a hill giant
 11183 | D:10     | Noticed a hill giant
 11190 | D:10     | Killed a hill giant
 11239 | D:10     | Killed an unseen horror
 11464 | D:10     | Found a staircase to the Lair.
 11546 | D:10     | Found a staircase to the Orcish Mines.
 11637 | Lair:1   | Entered Level 1 of the Lair of Beasts
 11768 | Lair:1   | Reached **** piety under Dithmenos
 12007 | Lair:1   | Reached skill level 5 in Invocations
 12007 | Lair:1   | Reached XP level 12. HP: 78/78 MP: 15/15
 12638 | Lair:1   | Got a crude robe
 12657 | Lair:1   | Identified the +1 robe "Eluttuf" {Regen+} (You found it on level 1 of the Lair of Beasts)
 12710 | Lair:2   | Noticed a four-headed hydra
 12729 | Lair:1   | Reached skill level 14 in Dodging
 12758 | Lair:2   | Found a staircase to the Swamp.
 12930 | Lair:2   | Killed a four-headed hydra
 13039 | Lair:2   | Found a hole to the Spider Nest.
 13714 | Lair:3   | Noticed Harold
 14108 | Lair:3   | Killed Harold
 14108 | Lair:3   | Reached skill level 5 in Fighting
 14145 | Lair:3   | Noticed Sonja
 14157 | Lair:3   | Killed Sonja
 14322 | Lair:4   | Noticed a seven-headed hydra
 14330 | Lair:4   | Killed a seven-headed hydra
 14407 | Lair:4   | Reached XP level 13. HP: 92/92 MP: 18/18
 14512 | Lair:4   | Reached skill level 15 in Dodging
 14652 | Lair:4   | Reached ***** piety under Dithmenos
 15191 | Lair:4   | Gained mutation: You are frail. (-10% HP) [potion of mutation]
 15191 | Lair:4   | Gained mutation: You are partially covered in iridescent scales. (AC +2) [potion of mutation]
 15191 | Lair:4   | Gained mutation: You evolve. [potion of mutation]
 15192 | Lair:4   | Gained mutation: You are partially covered in thin metallic scales. (AC +2) [potion of beneficial mutation]
 15287 | Lair:5   | Noticed an entropy weaver
 15392 | Lair:5   | Found a labyrinth entrance.
 15429 | Lab      | Entered a labyrinth
 15719 | Lab      | Noticed a minotaur
 15738 | Lab      | Killed a minotaur
 15740 | Lab      | Got a warped pewter ring
 15752 | Lab      | Identified the ring of Limitation {rElec rC++ EV+5 Dex-3} (You took it off a minotaur in a labyrinth)
 15768 | Lab      | Learned a level 1 spell: Animate Skeleton
 15772 | Lab      | Learned a level 3 spell: Regeneration
 15820 | Lair:5   | Noticed an entropy weaver
 15841 | Lair:5   | Killed an entropy weaver
 15849 | Lair:5   | Reached skill level 1 in Necromancy
 16003 | Lair:4   | Killed an entropy weaver
 16724 | Lair:6   | Entered Level 6 of the Lair of Beasts
 17249 | Lair:6   | Reached XP level 14. HP: 47/93 MP: 21/21
 17265 | Lair:6   | Reached skill level 16 in Dodging
 17373 | Lair:6   | Found a staircase to the Slime Pits.
 17476 | Lair:6   | Reached skill level 1 in Charms
 17492 | Lair:6   | Reached ****** piety under Dithmenos
 17820 | Lair:6   | Lost mutation: You are frail. (-10% HP) [evolution]
 18560 | D:11     | Noticed Josephine
 18570 | D:11     | Killed Josephine
 19240 | D:12     | Found Yrutuf's Book Shop.
 19435 | D:12     | Reached skill level 5 in Charms
 19753 | D:12     | Reached skill level 17 in Dodging
 20058 | D:12     | Learned a level 2 spell: Passwall
 20485 | D:13     | Gained mutation: Your system is resistant to poisons. (rPois) [evolution]
 20536 | D:13     | Noticed cuckmaster's ghost (journeyman OgBe)
 20549 | D:13     | Killed cuckmaster's ghost
 20549 | D:13     | Reached XP level 15. HP: 107/110 MP: 22/22
 20956 | D:14     | Noticed Kirke
 20980 | D:14     | Killed Kirke
 20980 | D:14     | Reached skill level 15 in Long Blades
 20998 | D:14     | Got a bronze plate armour
 21009 | D:14     | Identified the cursed +0 plate armour of Wubb {rPois rCorr Dex+3} (You found it on level 14 of the Dungeon)
 21161 | D:14     | Noticed Snorg
 21172 | D:14     | Killed Snorg
 21350 | D:14     | Noticed Frances
 21464 | D:14     | Killed Frances
 21603 | D:14     | Found a gate to the Vaults.
 21625 | D:14     | Found Fautyguh's Weapon Emporium.
 22069 | D:15     | Entered Level 15 of the Dungeon
 22184 | D:15     | Found Unleijups's Assorted Antiques.
 22360 | D:15     | Found a staircase to the Depths.
 22387 | D:15     | Found Naihao's Weapon Shoppe.
 22449 | D:15     | Found Fukkim's Antique Weapon Shop.
 22741 | D:15     | Found a white marble altar of Elyvilon.
 22741 | D:15     | Found Heijag's Book Shop.
 22814 | D:15     | Reached skill level 18 in Dodging
 23117 | D:15     | Reached skill level 10 in Armour
 23306 | Orc:1    | Entered Level 1 of the Orcish Mines
 24265 | D:12     | Bought a manual of Long Blades for 1435 gold pieces
 24371 | Orc:2    | Entered Level 2 of the Orcish Mines
 24557 | Orc:2    | Found Ubichaus's Antique Armour Boutique.
 24559 | Orc:2    | Noticed Saint Roka
 24742 | Spider:1 | Entered Level 1 of the Spider Nest
 24817 | Spider:1 | Reached XP level 16. HP: 48/116 MP: 20/23
 24913 | Spider:1 | Reached skill level 10 in Invocations
 27703 | Spider:2 | Reached skill level 19 in Dodging
 28064 | Spider:2 | Learned a level 2 spell: Swiftness
 28401 | Spider:3 | Reached XP level 17. HP: 122/122 MP: 25/25
 28855 | Spider:4 | Entered Level 4 of the Spider Nest
 29715 | Spider:4 | HP: 5/122 [disintegration (17)]
 29736 | Spider:4 | Demolished by a spark wasp

Skill      XL: |  1  2  3  4  5  6  7  8  9 10 11 12 13 14 15 16 17 |
---------------+----------------------------------------------------+-----
Long Blades    | 4 5 6 7 9 11 12 13 14 15 17 18 | 18.4
Armour         | 1 2 3 4 5 7 8 9 10 11 | 11.1
Dodging        | 5 6 7 9 11 12 13 14 15 17 18 19 | 19.6
Invocations    | 5 7 9 11 12 | 12.1
Fighting       | 5 7 |  7.9
Necromancy     | 2 3 4 |  4.2
Charms         | 5 8 |  8.0
Throwing       | |  2.0

Action                   |  1- 3 |  4- 6 |  7- 9 | 10-12 | 13-15 | 16-18 || total
-------------------------+-------+-------+-------+-------+-------+-------++-------
Melee: Long sword        |    84 |   313 |       |       |       |       ||   397
       Tailslap          |       |    17 |       |     7 |    38 |     2 ||    64
       Scimitar          |       |    43 |   282 |       |       |   827 ||  1152
       Short sword       |       |       |   103 |   748 |  1744 |    36 ||  2631
Throw: Throwing net      |       |     1 |       |     2 |     3 |       ||     6
 Cast: Animate Skeleton  |       |       |       |       |     1 |       ||     1
       Regeneration      |       |       |       |       |     1 |     5 ||     6
 Abil: Evoke Berserk Rag |       |       |       |       |     3 |       ||     3
Evoke: Wand              |       |       |       |     2 |       |     2 ||     4
  Use: Scroll            |       |       |    16 |    17 |    18 |    13 ||    64
       Potion            |       |       |     2 |     4 |    11 |     7 ||    24
 Stab: Sleeping          |     3 |     3 |     4 |     7 |     3 |     2 ||    22
       Held in net/web   |       |     1 |       |     1 |     4 |     1 ||     7
       Distracted        |       |       |     1 |       |       |       ||     1
  Eat: Chunk             |     4 |     9 |    21 |    24 |    40 |    16 ||   114
       Fruit             |       |       |     2 |       |       |       ||     2
Armor: Leather armour    |    15 |    41 |    47 |    91 |   172 |   278 ||   644
       Fire dragon scale |       |       |       |       |    90 |       ||    90
Dodge: Dodged            |    58 |   227 |   273 |   697 |  1688 |  1631 ||  4574
       Rpst.: Long sword |    16 |    53 |       |       |       |       ||    69
       Scimitar          |       |    23 |    66 |       |       |   282 ||   371
